 Dungeon Crawl Stone Soup version 0.21-a0-113-g6841d05 (webtiles) character file.

13976459 grindst0ne the Middleweight Champion (level 27, 242/242 HPs)
             Began as a Merfolk Transmuter on July 10, 2017.
             Was the Champion of Ru.
             Escaped with the Orb
             ... and 15 runes on July 12, 2017!
             The game lasted 14:27:22 (114500 turns).

grindst0ne the Middleweight Champion (MfTm)       Turns: 114500, Time: 14:27:23

Health: 242/242    AC: 14    Str: 21    XL:     27
Magic:  47/47      EV: 33    Int: 18    God:    Ru [******]
Gold:   9193       SH:  9    Dex: 20    Spells: 11/67 levels left

rFire    + + +     SeeInvis +     - Unarmed
rCold    + + .     Gourm    .   Y - +3 buckler {rC+ rF+}
rNeg     + + .     Faith    .   H - +1 faerie dragon scales {rN+ MR+ Regen+ rCorr}
rPois    +         Spirit   .   N - -2 hat of the Alchemist {rElec rPois rF+ rC+ rN+ MR+ rMut rCorr}
rElec    +         Reflect  .   W - +2 cloak
rCorr    +         Harm     .   l - +2 pair of gloves of the Illusory Curses {+Fly rC+ Int-2 Dex+6}
rMut     +                      b - +2 pair of boots {Stlth+}
MR       +++++                  T - amulet of Liberty {+Rage rF+ SInv}
Stlth    +++.......             P - ring "Ritsogh" {rF++ Int+4}
HPRegen  0.90/turn              c - ring of the Mage {Wiz MR++ Int+3}
MPRegen  0.30/turn

@: studying Necromancy, deflect missiles
A: change form in water, swift swim, stealthy swim, deterioration 1, dopey 1,
inhibited regeneration, wild magic 1, hated by all, magic vulnerability 1,
unskilled 1, temperature sensitive
0: Orb of Zot
}: 15/15 runes: serpentine, barnacled, slimy, silver, golden, iron, obsidian,
icy, bone, abyssal, demonic, glowing, magical, fiery, dark
a: Draw Out Power, Power Leap, Apocalypse, Renounce Religion, Evoke Berserk
Rage, Evoke Flight


You escaped.
You worshipped Ru.
Ru was exalted by your worship.
You were very hungry.

You visited 18 branches of the dungeon, and saw 90 of its levels.
You visited Pandemonium 1 time, and saw 24 of its levels.
You visited the Abyss 3 times.
You visited 1 ziggurat, and saw 14 of its levels.
You also visited: Labyrinth, Trove, Bailey, Ice Cave and Wizlab.

You collected 17355 gold pieces.
You spent 8162 gold pieces at shops.

Inventory:

Armour
 b - a +2 pair of boots of stealth (worn)
 l - the +2 pair of gloves of the Illusory Curses (worn) {+Fly rC+ Int-2 Dex+6}
   (You acquired it on level 3 of the Crypt)

   It affects your intelligence (-2).
   It affects your dexterity (+6).
   It protects you from cold.
   It lets you fly.
 v - the +4 buckler "Pilad" {rC+ Dex+4 SInv Stlth+}
   (You acquired it on level 6 of the Dungeon)

   It affects your dexterity (+4).
   It protects you from cold.
   It lets you see invisible.
   It makes you more stealthy.
 H - the +1 faerie dragon scales (worn) {rN+ MR+ Regen+ rCorr}
   (You took it off the Enchantress on level 3 of the Depths)

   It protects you from negative energy.
   It affects your resistance to hostile enchantments.
   It increases your rate of regeneration.
   It protects you from acid and corrosion.
 N - the -2 hat of the Alchemist (worn) {rElec rPois rF+ rC+ rN+ MR+ rMut rCorr}
   (You bought it in a shop on level 3 of the Elven Halls)

   It protects you from fire.
   It protects you from cold.
   It insulates you from electricity.
   It protects you from poison.
   It protects you from negative energy.
   It affects your resistance to hostile enchantments.
   It protects you from acid and corrosion.
   It protects you from mutation.
 W - a +2 cloak (worn)
 Y - a +3 buckler of resistance (worn)
Magical Staves
 a - an uncursed staff of energy
Jewellery
 c - the ring of the Mage (right hand) {Wiz MR++ Int+3}
   (You found it on level 1 of the Elven Halls)

   [ring of wizardry]

   It improves your spell success rate.
   It affects your intelligence (+3).
   It affects your resistance to hostile enchantments.
 n - the ring of Kyeweong {Wiz rPois rN+ Int+6 Dex-4}
   (You found it on level 5 of the Pits of Slime)

   [ring of wizardry]

   It improves your spell success rate.
   It affects your intelligence (+6).
   It affects your dexterity (-4).
   It protects you from poison.
   It protects you from negative energy.
 s - the ring of Lothah {rCorr rC++}
   (You took it off an orc warrior on level 2 of the Depths)

   [ring of resist corrosion]

   It greatly protects you from cold.
 B - the ring of False Hope {rElec rF+ rN+ MR+ Slay+3}
   (You found it on level 2 of the Depths)

   [ring of protection from magic]

   It affects your accuracy and damage with ranged weapons and melee attacks
   (+3).
   It protects you from fire.
   It insulates you from electricity.
   It protects you from negative energy.
   It affects your resistance to hostile enchantments.
 I - the amulet of Qoatoc {Faith *Corrode rC++ rN+ Dex+4}
   (You bought it in a shop on level 1 of the Vaults)

   [amulet of faith]

   It allows you to gain divine favour quickly.
   It affects your dexterity (+4).
   It greatly protects you from cold.
   It protects you from negative energy.
   It may corrode you when you take damage.
 P - the ring "Ritsogh" (left hand) {rF++ Int+4}
   (You found it on level 3 of a ziggurat)

   [ring of intelligence]

   It affects your intelligence (+4).
   It greatly protects you from fire.
 T - the amulet of Liberty (around neck) {+Rage rF+ SInv}
   (You took it off a deep elf blademaster on level 3 of the Elven Halls)

   [amulet of rage]

   It protects you from fire.
   It lets you see invisible.
   It lets you go berserk.
Wands
 x - a wand of acid (15/15)
 C - a wand of clouds (7/9)
 K - a wand of digging (14/24)
Scrolls
 e - 26 scrolls of remove curse
 i - 3 scrolls of holy word
 j - 9 scrolls of identify
 k - 33 scrolls of teleportation
 m - 17 scrolls of immolation
 r - 17 scrolls of fog
 y - 7 scrolls of enchant armour
 G - 15 scrolls of fear
 J - 11 scrolls of recharging
 V - 12 scrolls of amnesia
 Z - 7 scrolls of blinking
Potions
 g - 4 potions of mutation
 h - 7 potions of brilliance
 o - a potion of might
 t - 2 potions of curing
 z - 2 potions of invisibility
 A - a potion of resistance
 D - 6 potions of ambrosia
 L - a potion of cancellation
 M - 6 potions of flight
 O - 2 potions of heal wounds
 U - a potion of agility
Books
 S - a manual of Necromancy
Miscellaneous
 d - a figurine of a ziggurat
 f - a lamp of fire
 Q - a fan of gales
Comestibles
 q - 2 fruits
 E - 5 meat rations
 R - 6 bread rations


   Skills:
 - Level 25.1 Fighting
 - Level 26.1 Dodging
 - Level 15.5 Stealth
 - Level 7.0 Shields
 O Level 27 Unarmed Combat
 + Level 20.8 Spellcasting
 - Level 3.5 Conjurations
 - Level 13.4 Hexes
 - Level 11.4 Charms
 - Level 9.1 Summonings
 - Level 7.7 Necromancy
 - Level 20.2 Translocations
 - Level 26.2 Transmutations
 - Level 3.0 Air Magic
 - Level 16.2 Earth Magic
 * Level 17.6 Evocations


You had 11 spell levels left.
You knew the following spells:

 Your Spells              Type           Power        Failure   Level  Hunger
a - Lesser Beckoning      Tloc           #######...   1%          3    None
b - Lee's Rapid Deconstr  Erth           #######...   1%          5    ##.....
c - Song of Slaying       Chrm           ######..     1%          2    None
d - Invisibility          Hex            ######..     1%          6    ####...
e - Passage of Golubria   Tloc           N/A          1%          4    None
f - Regeneration          Chrm/Necr      ######....   1%          3    None
g - Apportation           Tloc           ######       1%          1    None
h - Controlled Blink      Tloc           N/A          3%          8    #######
i - Irradiate             Conj/Tmut      #######...   1%          5    ##.....
j - Deflect Missiles      Chrm/Air       ######....   14%         6    ####...
k - Blink                 Tloc           N/A          1%          2    None
l - Aura of Abjuration    Summ           ######....   1%          5    ##.....
z - Statue Form           Tmut/Erth      #######..    1%          6    ####...


Dungeon Overview and Level Annotations

Branches:
Dungeon (15/15)            Temple (1/1) D:6            Lair (6/6) D:10
 Shoals (4/4) Lair:2        Snake (4/4) Lair:3        Slime (5/5) Lair:6
    Orc (2/2) D:11            Elf (3/3) Orc:2        Vaults (5/5) D:14
  Crypt (3/3) Vaults:2       Tomb (3/3) Crypt:3      Depths (5/5) D:15
   Hell (1/1)                 Dis (7/7) Hell            Geh (7/7) Hell
    Coc (7/7) Hell            Tar (7/7) Hell            Zot (5/5) Depths:5

Altars:
Ashenzari
Cheibriados
Dithmenos
Elyvilon
Fedhas
Gozag
Hepliaklqana
Kikubaaqudgha
Makhleb
Nemelex Xobeh
Okawaru
Qazlal
Ru
Sif Muna
Trog
Uskayaw
Vehumet
Wu Jian
Xom
Yredelemnul
Zin
The Shining One
Jiyva

Shops:
D:11 ?   Orc:1 ?   Orc:2 !=?=   Elf:3 [:   Shoals:3 }   Vaults:1 *   Vaults:2 [
Vaults:4 [*   Depths:1 =}   Depths:2 *(   Depths:5 (:(

Portals:
Hell: Depths:1 Depths:2 Depths:3 Depths:4 Depths:5
Abyss: Depths:4
Pandemonium: Depths:1 Depths:2 Depths:3

Annotations:
D:7 exclusion: downstairs
D:10 exclusion: downstairs
Lair:2 exclusion: downstairs
Snake:2 exclusion: downstairs
Elf:2 2 runed doors
Depths:2 exclusion: 2 downstairs
Depths:3 exclusion: 2 downstairs


Innate Abilities, Weirdness & Mutations

You revert to your normal form in water.
You are very nimble and swift while swimming.
You are very stealthy in the water. (Stealth+)
You are hated by all.
You are slightly vulnerable to magic. (MR-)
You are somewhat unskilled. (-1 Apt)
You are sensitive to extremes of temperature. (rF-, rC-)
Your body sometimes deteriorates upon taking damage.
You are dopey. (Int -2)
You do not regenerate when monsters are visible.
Your spells are a little harder to cast, but a little more powerful.


Message History

You pummel the goblin!!
You kill the goblin!
Things that are here:
a dagger; a goblin corpse You pummel the hellwing!!
The hellwing is severely wounded.
You revert to your normal fleshy form.
The +2 pair of gloves of the Illusory Curses {+Fly rC+ Int-2 Dex+6} unmelds from your body.
Your +2 pair of boots of stealth unmelds from your body.
The +1 faerie dragon scales {rN+ MR+ Regen+ rCorr} unmelds from your body.
You feel stealthy. You block the hellwing's attack.
The hellwing completely misses you.
You pummel the hellwing!!
You kill the hellwing!
An ice devil comes into view.
The ice devil is stunned by your will and fails to attack.
You pulverise the ice devil!!!
You kill the ice devil!
There is a staircase leading out of the dungeon here.
You have escaped!

######.# #.## ##.# #.# ##.##
##.## #.# ##.# #.## #.# #.## ##.#
## ### ##.# ####..###..# #.
..###..###..##..#..## #.
.............#(....# #.
.........)...##...##############.
.........##...#.@.##.....##......
##.......###.##...##.............
#.......# ###.....#.............
######### ##.....##............
#..#.#..#............
#.##.##.#............
##.#.).#.##...........
##.##...##.#...........
#.##....)##............


There were no monsters in sight!

Vanquished Creatures
  Cerebov (Pan)
  Antaeus (Coc:7)
  Asmodeus (Geh:7)
  Ereshkigal (Tar:7)
  the Royal Jelly (Slime:5)
  Gloorx Vloq (Pan)
  the Serpent of Hell (Dis:7)
  Lom Lobon (Pan)
  Mnoleg (Pan)
  Dispater (Dis:7)
  Mara (Snake:3)
  10 orbs of fire
  Khufu (Crypt:3)
  Mennas (Depths:4)
  5 ancient liches
  A juggernaut (Zig:8)
  6 pandemonium lords
  34 greater mummies
  Sojobo (Vaults:3)
  13 shard shrikes
  Saint Roka (Depths:4)
  Vashnia (Snake:2)
  Xtahua (Crypt:3)
  3 Killer Klowns (Zot:5)
  6 caustic shrikes
  A curse toe (Crypt:3)
  Geryon (Hell)
  2 profane servitors
  10 golden dragons
  Jory (Depths:3)
  the Enchantress (Depths:3)
  15 bone dragons
  19 Tzitzimimeh
  29 Brimstone Fiends
  5 doom hounds
  Jorgrun (Shoals:4)
  3 electric golems
  5 iron giants
  A hellephant (Abyss:4)
  25 tentacled monstrosities
  12 liches
  18 Hell Sentinels
  A shard shrike skeleton (Crypt:1)
  29 Orb Guardians
  20 Ice Fiends
  3 deep elf blademasters
  13 quicksilver dragons
  2 deep elf master archers (Elf:3)
  12 titans
  An acid blob (shapeshifter) (Vaults:4)
  33 tentacled starspawn
  23 acid blobs
  12 sphinxes
  Gastronok (Orc:1)
  2 krakens
  18 ancient champions
  9 death cobs
  An eldritch tentacle (Geh:7)
  30 Executioners
  12 tengu reavers
  Kirke (D:13)
  7 warmongers (Pan)
  A thorn hunter (Abyss:4)
  7 draconian monks
  3 revenants
  Agnes (Snake:4)
  17 shadow dragons
  18 fire giants
  20 storm dragons
  Donald (Shoals:4)
  9 nagarajas
  Roxanne (D:15)
  Ilsuiw (Shoals:4)
  7 azure jellies
  A daeva (Abyss:1)
  9 iron dragons
  2 orc warlords
  17 frost giants
  7 corrupters
  86 large abominations
  5 draconian knights
  2 curse skulls (Pan)
  3 draconian scorchers
  32 balrugs
  A ghost moth (Zot:3)
  3 draconian shifters
  19 vault wardens
  2 deep elf elementalists (Elf:3)
  A caustic shrike zombie (Zig:4)
  2 draconian stormcallers (Zot:3)
  24 cacodemons
  11 deep elf sorcerers
  3 juggernaut zombies
  4 ghouls
  6 draconian annihilators
  21 ironheart preservers
  53 reapers
  Louise (Elf:1)
  9 war gargoyles
  An angel (Pan)
  5 blood saints (Pan)
  32 very ugly things
  5 spriggan defenders
  An elemental wellspring (Coc:7)
  14 vampire knights
  35 stone giants
  2 grey draconians (Depths:5)
  18 bennus
  12 deep elf annihilators
  20 green draconians
  13 black draconians
  3 entropy weavers
  Nessos (D:13)
  3 black suns (Pan)
  13 deep elf demonologists
  4 lorocyprocas (Pan)
  7 red draconians
  12 purple draconians
  10 yellow draconians
  15 white draconians
  5 merfolk javelineers
  7 spark wasps
  18 ettins
  5 crystal guardians
  36 blizzard demons
  13 green deaths
  8 eidola
  21 mummy priests
  9 death oozes (Slime:5)
  22 fire dragons
  Josephine (D:11)
  12 merfolk impalers
  6 quicksilver dragon zombies
  20 yaktaur captains
  17 jiangshi
  A minotaur (Lab)
  An ice dragon (shapeshifter) (Depths:3)
  6 deep elf high priests
  11 deep elf death magi
  21 naga warriors
  A kraken zombie (Coc:7)
  13 great orbs of eyes
  8 monstrous demonspawn (Pan)
  10 rakshasas
  4 hell beasts
  Fannar (D:11)
  A spectral kraken (Tar:7)
  2 juggernaut simulacra (Pan)
  14 hydras
  A caustic shrike simulacrum (Depths:3)
  3 quicksilver dragon skeletons
  38 ice dragons
  47 vault guards
  A ghost crab (Zig:12)
  4 catoblepae
  15 spriggan air magi
  11 centaur warriors
  5 merfolk aquamancers
  An alligator (Zig:12)
  13 ogre magi
  2 merfolk avatars
  8 anacondas
  3 death yaks (Lair:6)
  4 satyrs
  5 death knights
  An alligator snapping turtle (Shoals:1)
  47 two-headed ogres
  Urug (Lair:3)
  10 orc high priests
  8 vampire magi
  5 tengu warriors
  23 hell hogs
  3 spriggan berserkers
  2 titan zombies
  20 deep troll shamans
  25 dancing weapons
  16 deep troll earth magi
  39 thrashing horrors
  5 iron golems
  27 death scarabs
  2 shock serpents (shapeshifter)
  25 deep elf knights
  20 naga sharpshooters
  31 sun demons
  4 storm dragon zombies
  11 shock serpents
  31 hell knights
  Nergalle (Lair:1)
  27 small abominations
  24 sixfirhies
  21 soul eaters
  26 wretched stars
  2 fire crabs (Abyss:3)
  99 skeletal warriors
  2 storm dragon skeletons
  16 iron trolls
  The ghost of sagitran the Slasher, a novice DsAK of Lugonu (D:8)
  16 shadow wraiths
  5 anaconda zombies
  6 titan skeletons
  4 gelid demonspawn
  An infernal demonspawn (Pan)
  7 spatial maelstroms
  19 shadow demons
  8 flayed ghosts
  4 salamander mystics
  A swamp dragon (shapeshifter) (Elf:3)
  48 deep trolls
  An unseen horror (shapeshifter) (Vaults:4)
  5 swamp dragons
  13 deep elf archers
  5 glowing orange brains
  2 ghost moth zombies
  2 golden dragon zombies
  7 sea snakes
  2 shambling mangroves (Zig:12)
  4 tengu zombies
  3 unseen horrors
  A spriggan druid (Zig:12)
  5 torturous demonspawn (Pan)
  13 naga ritualists
  6 shadow dragon zombies
  3 anaconda skeletons
  An obsidian statue (Zig:1)
  3 frost giant zombies
  4 golden dragon skeletons
  3 sphinx zombies
  7 wizards
  15 ironbrand convokers
  4 lindwurms
  6 harpies
  2 orb spiders (Abyss:1)
  2 wolf spiders (Vaults:2)
  20 orc knights
  10 cyclopes
  43 ugly things
  4 fire giant zombies
  15 phantasmal warriors
  4 oklob plants
  15 necromancers
  2 sphinx skeletons
  11 shining eyes
  20 mana vipers
  64 deep elf magi
  2 tengu skeletons
  A manticore (shapeshifter) (Vaults:2)
  9 fauns
  5 shadow dragon skeletons
  21 moths of wrath
  9 wolf spider zombies
  7 orc sorcerers
  4 iron dragon zombies
  19 salamanders
  7 stone giant zombies
  16 manticores
  2 salamanders (shapeshifter)
  5 iron dragon skeletons
  A centaur zombie (D:15)
  A moth of wrath (shapeshifter) (Depths:1)
  16 vault sentinels
  11 stone giant skeletons
  5 fire giant skeletons
  Maurice (D:11)
  16 elephants
  A black mamba (shapeshifter) (Vaults:5)
  4 frost giant skeletons
  11 merfolk sirens
  9 worldbinders
  18 rust devils
  4 eyes of devastation
  13 molten gargoyles
  62 black mambas
  2 spriggan zombies
  9 guardian serpents
  7 dire elephant zombies
  16 naga magi
  47 smoke demons
  14 spiny frogs
  8 torpor snails
  Psyche (D:11)
  10 ice statues
  12 gargoyles
  8 spectral swamp worms (Tar:7)
  3 water nymphs (Shoals:4)
  2 spiny frogs (shapeshifter)
  6 apocalypse crabs
  A death yak zombie (Crypt:2)
  A green draconian zombie (Crypt:3)
  27 hellions
  2 yaktaur zombies
  2 catoblepas zombies
  A dire elephant skeleton (Geh:2)
  59 yaktaurs
  A yaktaur (shapeshifter) (Vaults:1)
  14 komodo dragons
  5 human zombies
  8 rime drakes
  A komodo dragon (shapeshifter) (Abyss:4)
  30 orange demons
  19 hellwings
  2 emperor scorpion zombies
  26 tormentors
  17 ancient zymes
  48 ice devils
  37 freezing wraiths
  A grey draconian skeleton (Crypt:2)
  A kobold demonologist (D:15)
  14 demonic crawlers
  17 efreet
  A yaktaur skeleton (Vaults:1)
  A merfolk (shapeshifter) (Vaults:3)
  6 anaconda simulacra
  45 guardian mummies
  5 catoblepas skeletons
  30 wind drakes
  16 hydra zombies
  2 tengu conjurers (Depths:2)
  A queen bee (D:14)
  2 trolls (shapeshifter)
  3 harpy zombies
  2 golden dragon simulacra
  35 red devils
  2 polar bears
  12 trolls
  A meliai (shapeshifter) (Depths:3)
  A wind drake (shapeshifter) (D:15)
  2 wolf spider simulacra
  21 merfolk
  21 hornets
  A slime creature (shapeshifter) (Vaults:5)
  A tengu simulacrum (Depths:1)
  3 silent spectres
  4 tyrant leeches
  A satyr zombie (Crypt:1)
  5 fire dragon zombies
  3 harpy skeletons
  6 blink frogs
  A tarantella zombie (Crypt:1)
  18 hippogriffs
  2 hippogriffs (shapeshifter)
  2 dream sheep (Lair:6)
  A blink frog (shapeshifter) (Depths:4)
  5 ettin zombies
  36 raiju
  A raiju (shapeshifter) (Depths:3)
  32 slime creatures
  7 snapping turtles
  10 alligator zombies
  A fire giant simulacrum (Depths:3)
  A bog body (Zig:12)
  9 ice dragon zombies
  12 hydra skeletons
  3 alligator skeletons
  2 frost giant simulacra
  A tarantella (Zig:1)
  4 ettin skeletons
  19 shadows
  97 flying skulls
  A redback (shapeshifter) (Depths:3)
  10 spriggans
  19 air elementals
  159 starcursed masses
  A tarantella (shapeshifter) (Vaults:5)
  13 wyverns
  9 ice dragon skeletons
  24 ynoxinuls
  2 black mamba zombies (Coc:7)
  38 wraiths
  A yak (shapeshifter) (Depths:1)
  28 fire elementals
  8 yaks
  A dire elephant simulacrum (IceCv)
  3 fire dragon skeletons
  9 redbacks
  A human (D:13)
  7 basilisks
  3 fire bats (Lair:4)
  16 water elementals
  6 vampires
  3 hogs (D:13)
  A hog (shapeshifter) (Depths:3)
  4 elf zombies
  An emperor scorpion simulacrum (Crypt:3)
  10 golden eyes
  2 humans (shapeshifter)
  20 neqoxecs
  31 ushabtiu
  4 hungry ghosts
  15 chaos spawn
  3 black mamba skeletons
  9 wargs
  2 human simulacra
  3 iron troll simulacra (IceCv)
  A deep troll zombie (Vaults:2)
  8 spatial vortices
  A soldier ant (D:11)
  A warg (shapeshifter) (Depths:3)
  A harpy simulacrum (Coc:7)
  69 nagas
  21 insubstantial wisps
  6 acid dragons
  A two-headed ogre zombie (D:11)
  A two-headed ogre skeleton (Crypt:2)
  A merfolk zombie (Dis:3)
  11 spiny frog zombies
  6 hydra simulacra
  5 human skeletons
  9 porcupines
  64 hell hounds
  14 water moccasins
  5 floating eyes
  A swamp drake (Zig:12)
  A gelid demonspawn skeleton (Crypt:3)
  A merfolk skeleton (Tar:7)
  18 ice beasts
  62 orc warriors
  2 sky beasts
  A swamp dragon zombie (Tar:7)
  A manticore zombie (Abyss:2)
  5 snapping turtle zombies
  An alligator simulacrum (Coc:1)
  2 ettin simulacra
  An ice dragon simulacrum (Abyss:4)
  6 phantoms
  A black bear (D:7)
  A black bear (shapeshifter) (Elf:1)
  38 ogres
  A spiny frog skeleton (Coc:6)
  14 eyes of draining
  An eye of draining (shapeshifter) (Depths:5)
  An ogre (shapeshifter) (Vaults:3)
  12 boggarts
  13 necrophages
  8 wolves
  17 centaurs
  2 manticore skeletons
  2 snapping turtle skeletons
  A fire crab zombie (Crypt:1)
  An elephant skeleton (Crypt:3)
  A rime drake zombie (Crypt:3)
  12 crocodiles
  4 elf skeletons
  10 big kobolds
  An octopode zombie (Crypt:2)
  A hippogriff skeleton (Crypt:3)
  21 earth elementals
  24 bullfrogs
  A glowing shapeshifter simulacrum (Vaults:1)
  A komodo dragon skeleton (Crypt:1)
  4 scorpions
  A scorpion (shapeshifter) (Abyss:4)
  A warg zombie (Crypt:2)
  A polar bear zombie (Crypt:3)
  64 wights
  A troll zombie (Crypt:3)
  A vampire bat (D:9)
  23 killer bees
  A raiju skeleton (Crypt:1)
  2 electric eels
  3 howler monkeys (D:11)
  A troll skeleton (Tar:2)
  18 crimson imps
  3 quasits
  A bullfrog zombie (D:4)
  5 jellies
  7 hounds
  29 orc priests
  5 centaur skeletons
  An iguana (D:14)
  19 iron imps
  35 orc wizards
  3 bullfrog skeletons
  A gnoll shaman (D:7)
  An iguana (shapeshifter) (Depths:3)
  A lightning spire (Zig:7)
  4 worker ants
  A killer bee zombie (D:6)
  7 ogre zombies (D:11)
  A hound zombie (D:9)
  A dwarf skeleton (Crypt:2)
  An ogre skeleton (Crypt:2)
  52 mummies
  A howler monkey zombie (D:6)
  7 gnolls
  17 adders
  11 shadow imps
  26 white imps
  3 ufetubi
  An ooze (D:6)
  3 adder zombies
  2 adder skeletons
  A halfling skeleton (Crypt:1)
  2 worms
  10 ball lightnings (Depths:1)
  2 dart slugs (D:2)
  3 leopard geckos
  117 orcs
  A ball python (D:3)
  6 giant cockroaches
  13 hobgoblins
  4 jackals (D:10)
  5 quokkas
  18 bats
  4 frilled lizards
  A giant cockroach zombie (Crypt:1)
  15 goblins
  2 goblin skeletons
  3 goblin zombies (D:11)
  A hobgoblin skeleton (D:11)
  7 hobgoblin zombies (D:11)
  A jackal zombie (Crypt:2)
  31 kobolds
  A kobold zombie (Geh:6)
  3 orc skeletons
  12 orc zombies
  A quokka skeleton (D:4)
  6 rats
  2 crawling corpses (Vaults:5)
  A fire vortex (Pan)
  9 fungi
  7 plants
  15 starspawn tentacles
  6 tentacles
5505 creatures vanquished.

Vanquished Creatures (collateral kills)
  An ironheart preserver (Vaults:1)
  Snorg (Lair:3)
  A death yak (Lair:5)
  4 oklob plants (Lair:5)
  An elephant (Lair:2)
  An ice statue (Lair:2)
  A black mamba (Lair:2)
  2 yaks
  A wolf (D:10)
  A crocodile (Lair:2)
  A bullfrog (D:8)
  2 electric eels (D:10)
  A gnoll shaman (D:5)
  2 worker ants (D:8)
  A hound skeleton (D:8)
  4 gnolls (D:5)
  An adder (D:10)
  2 orcs
  A kobold (D:9)
  2 plants (Lair:5)
31 creatures vanquished.

Vanquished Creatures (others)
  An ancient lich (Vaults:5)
  A Killer Klown (Zot:5)
  A golden dragon (Zot:5)
  4 eldritch tentacles
  An acid blob (Slime:5)
  An ancient champion (Tomb:1)
  2 tentacled starspawn
  A tengu reaver (Vaults:4)
  Aizul (Snake:1)
  2 fire giants
  A spriggan defender (Depths:3)
  An ironheart preserver (Vaults:1)
  A very ugly thing (Depths:5)
  A draconian stormcaller (Zot:1)
  A caustic shrike skeleton (Depths:3)
  2 elemental wellsprings
  A black draconian (Zot:2)
  A green draconian (Vaults:4)
  A dire elephant (Lair:6)
  A yellow draconian (Zot:4)
  2 ogre magi
  A vault guard (Vaults:4)
  A naga warrior (Snake:2)
  A hydra (Zig:12)
  A centaur warrior (D:14)
  A satyr (Shoals:2)
  A dancing weapon (Elf:3)
  An alligator (Zig:12)
  10 death scarabs
  A hell hog (Geh:7)
  A deep troll earth mage (Depths:5)
  A spriggan berserker (Depths:4)
  A naga sharpshooter (Snake:4)
  A sun demon (Hell)
  2 thrashing horrors
  A shadow wraith (Crypt:3)
  A deep troll (Depths:5)
  A deep elf archer (Elf:3)
  An orc knight (Vaults:2)
  A deep elf mage (Elf:1)
  An ironbrand convoker (Vaults:2)
  A harpy (Vaults:1)
  An oklob plant (Depths:4)
  3 moths of wrath
  A cyclops (Vaults:2)
  A sphinx skeleton (Depths:3)
  An elephant (Lair:6)
  A water nymph (Shoals:4)
  A merfolk siren (Shoals:4)
  A smoke demon (Pan)
  A fire giant skeleton (Tomb:2)
  A yaktaur (Vaults:4)
  An ice devil (Depths:1)
  2 guardian mummies (Tomb:2)
  3 wind drakes
  A troll (D:15)
  2 hornets
  A slime creature (Zig:12)
  2 raiju
  6 flying skulls
  A spriggan (Zig:12)
  A fire dragon skeleton (Geh:7)
  A wraith (Geh:7)
  An alligator skeleton (Geh:6)
  2 ushabtiu
  A yak (Lair:1)
  A fire elemental (Geh:7)
  A basilisk (Lair:6)
  3 neqoxecs
  A harpy simulacrum (IceCv)
  A naga (Snake:4)
  4 large abominations (Abyss:5)
  A hell hound (Geh:4)
  2 orc warriors
  A black bear (D:10)
  2 small abominations
  An earth elemental (WizLab)
  A crimson imp (Hell)
  5 starcursed masses
  An orc wizard (D:7)
  3 mummies
  A shadow imp (Tar:1)
  7 ball lightnings (Depths:1)
  3 orcs
  4 kobolds
  A briar patch (Abyss:4)
  3 bushes
  A crawling corpse (Vaults:5)
  A fire vortex (Abyss:4)
  21 fungi
  8 lurking horrors
  45 plants
  72 starspawn tentacles
  30 tentacles
321 creatures vanquished.

Grand Total: 5857 creatures vanquished

Notes
Turn   | Place    | Note
-------+----------+-------------------------------------------
     0 | D:1      | grindst0ne the Merfolk Transmuter began the quest for the Orb.
     0 | D:1      | Reached XP level 1. HP: 15/15 MP: 3/3
   228 | D:1      | Reached XP level 2. HP: 20/21 MP: 3/5
   603 | D:2      | Found a stormy altar of Qazlal.
   829 | D:2      | Reached XP level 3. HP: 23/26 MP: 4/6
   910 | D:2      | Reached skill level 4 in Unarmed Combat
  1183 | D:2      | Learned a level 2 spell: Sticks to Snakes
  1187 | D:2      | Learned a level 3 spell: Spider Form
  1384 | D:2      | Reached XP level 4. HP: 27/33 MP: 5/7
  2538 | D:3      | Reached XP level 5. HP: 38/38 MP: 4/8
  3465 | D:4      | Noticed an ogre
  3746 | D:4      | Killed an ogre
  3746 | D:4      | Reached skill level 5 in Unarmed Combat
  3746 | D:4      | Reached skill level 5 in Transmutations
  3746 | D:4      | Reached XP level 6. HP: 47/47 MP: 3/9
  4895 | D:5      | Entered Level 5 of the Dungeon
  5043 | D:5      | Reached XP level 7. HP: 26/52 MP: 4/10
  5883 | D:5      | Reached skill level 6 in Unarmed Combat
  7323 | D:6      | Reached XP level 8. HP: 39/61 MP: 5/11
  7635 | D:6      | Identified a scroll of acquirement
  7640 | D:6      | Got a pair of shimmering gloves
  7646 | D:6      | Identified the +0 pair of gloves "Afrad" {rCorr Int+4} (You acquired it on level 6 of the Dungeon)
  7669 | D:6      | Found a staircase to the Ecumenical Temple.
  7682 | Temple   | Entered the Ecumenical Temple
  7925 | Temple   | Became a worshipper of Ru the Awakened
  8073 | D:6      | Reached skill level 5 in Fighting
  8210 | D:6      | Reached skill level 7 in Unarmed Combat
  8381 | D:6      | Got an ancient buckler
  8387 | D:6      | Identified the +4 buckler "Pilad" {rC+ Dex+4 SInv Stlth+} (You acquired it on level 6 of the Dungeon)
  8393 | D:6      | Learned a level 5 spell: Blade Hands
  8648 | D:6      | Reached skill level 10 in Transmutations
  8739 | D:7      | Reached XP level 9. HP: 69/69 MP: 8/12
  9041 | D:7      | Found a deep blue altar of Sif Muna.
  9216 | D:7      | Identified Sif Muna's Compendium of Companions
  9224 | D:7      | Found an ancient bone altar of Kikubaaqudgha.
  9235 | D:7      | Found a radiant altar of Vehumet.
  9314 | D:7      | Gained mutation: You are somewhat unskilled. (-1 Apt) [Ru sacrifice]
  9314 | D:7      | Reduced skill Fighting to level 5
  9314 | D:7      | Reduced skill Spellcasting to level 1
  9314 | D:7      | Reached * piety under Ru
  9314 | D:7      | Reached ** piety under Ru
  9996 | D:8      | Noticed sagitran's ghost (novice DsAK)
 11914 | D:8      | Reached skill level 8 in Unarmed Combat
 12332 | D:9      | Noticed a two-headed ogre
 12358 | D:9      | HP: 1/71 [two-headed ogre/giant spiked club (8)]
 12359 | D:9      | Killed a two-headed ogre
 12359 | D:9      | Reached XP level 10. HP: 1/77 MP: 5/12
 13896 | D:10     | Entered Level 10 of the Dungeon
 14374 | D:10     | Reached skill level 9 in Unarmed Combat
 15577 | D:10     | Found a staircase to the Lair.
 15579 | D:10     | Noticed a gargoyle
 15593 | D:10     | Killed a gargoyle
 15745 | D:10     | Reached XP level 11. HP: 79/86 MP: 9/13
 15754 | D:10     | Gained mutation: You are sensitive to extremes of temperature. (rF-, rC-) [Ru sacrifice]
 15754 | D:10     | Reached *** piety under Ru
 15754 | D:10     | Reached **** piety under Ru
 16079 | Lair:1   | Entered Level 1 of the Lair of Beasts
 16247 | Lair:1   | Reached skill level 5 in Dodging
 16355 | Lair:1   | Noticed Nergalle
 16631 | Lair:1   | Reached skill level 10 in Unarmed Combat
 16936 | Lair:1   | Got an encrusted scale mail
 16947 | Lair:1   | Identified the +9 scale mail "Joihuf" {Int+2} (You found it on level 1 of the Lair of Beasts)
 17650 | Lair:1   | Killed Nergalle
 17650 | Lair:1   | Reached skill level 11 in Unarmed Combat
 17862 | Lair:2   | Found a staircase to the Shoals.
 19014 | Lair:2   | Reached XP level 12. HP: 88/92 MP: 8/14
 19278 | Lair:2   | Reached skill level 10 in Dodging
 20515 | Lair:3   | Noticed Snorg
 20533 | Lair:3   | Killed Snorg
 20547 | Lair:3   | Gained mutation: You are slightly vulnerable to magic. (MR-) [Ru sacrifice]
 20547 | Lair:3   | Reached ***** piety under Ru
 20658 | Lair:3   | Noticed Urug
 20666 | Lair:3   | Noticed a seven-headed hydra
 21417 | Lair:3   | Reached skill level 12 in Unarmed Combat
 21472 | Lair:3   | Found a staircase to the Snake Pit.
 21543 | Lair:3   | Killed Urug
 21595 | Lair:3   | Killed a seven-headed hydra
 22241 | Lair:4   | Gained mutation: Scrolls take you a little longer to read. [potion of mutation]
 22241 | Lair:4   | Gained mutation: Your magical capacity is low. (-10% MP) [potion of mutation]
 22241 | Lair:4   | Gained mutation: You are agile. (Dex +2) [potion of mutation]
 22355 | Lair:4   | Noticed a catoblepas
 22366 | Lair:4   | Killed a catoblepas
 22478 | Lair:4   | Found a basalt altar of Yredelemnul.
 22565 | Lair:4   | Reached XP level 13. HP: 98/98 MP: 8/17
 22811 | Lair:4   | Reached skill level 1 in Evocations
 22824 | Lair:4   | Found a dark tunnel.
 23351 | Lair:5   | Found a glowing silver altar of Zin.
 24799 | Lair:6   | Entered Level 6 of the Lair of Beasts
 24862 | Lair:6   | Identified the +0 plate armour "Mueral" {Str-5 Dex+2 Slay+3} (You found it on level 6 of the Lair of Beasts)
 24865 | Lair:6   | Gained mutation: You are hated by all. [Ru sacrifice]
 24865 | Lair:6   | Reached ****** piety under Ru
 24876 | Lair:6   | Learned a level 3 spell: Lesser Beckoning
 25070 | Lair:6   | Reached skill level 1 in Translocations
 25248 | Lair:6   | Learned a level 4 spell: Ice Form
 25520 | Lair:6   | Got a polished buckler
 25756 | Lair:6   | Reached skill level 13 in Unarmed Combat
 25850 | Lair:6   | Found a viscous altar of Jiyva.
 25850 | Lair:6   | Found a staircase to the Slime Pits.
 26488 | Lair:6   | Reached XP level 14. HP: 71/105 MP: 13/18
 26571 | Lair:6   | Noticed a dire elephant
 26584 | Lair:6   | Killed a dire elephant
 26747 | Lair:6   | Reached skill level 5 in Translocations
 27272 | Lair:6   | Found a runed door.
 27483 | Lair:6   | Lost mutation: Scrolls take you a little longer to read. [potion of mutation]
 27483 | Lair:6   | Lost mutation: Your magical capacity is low. (-10% MP) [potion of mutation]
 27483 | Lair:6   | Lost mutation: You are agile. (Dex +2) [potion of mutation]
 27483 | Lair:6   | Gained mutation: You expend magic power (3 MP) to strengthen your wands. [potion of mutation]
 27483 | Lair:6   | Gained mutation: Your flesh is cold resistant. (rC+) [potion of mutation]
 27586 | Lair:6   | Identified the cursed +0 buckler of Light {Regen+} (You found it on level 6 of the Lair of Beasts)
 28560 | D:11     | Reached skill level 14 in Unarmed Combat
 28563 | D:11     | Found a staircase to the Orcish Mines.
 28565 | D:11     | Noticed Maurice
 28705 | D:11     | Noticed Fannar
 28719 | D:11     | Killed Fannar
 28825 | D:11     | Found Lutir Hum's Magic Scroll Emporium.
 29101 | D:11     | Bought a scroll of fear for 59 gold pieces
 29101 | D:11     | Bought a scroll of teleportation for 51 gold pieces
 29101 | D:11     | Bought a scroll of teleportation for 51 gold pieces
 29336 | D:11     | Noticed Josephine
 29504 | D:11     | Killed Maurice
 29808 | D:11     | Noticed Psyche
 29814 | D:11     | Killed Psyche
 29898 | D:11     | Killed Josephine
 30183 | D:12     | Found a labyrinth entrance.
 30188 | Lab      | Entered a labyrinth
 30449 | Lab      | Identified the Catalogue of Torrid Displacement
 30674 | D:12     | Reached XP level 15. HP: 110/110 MP: 15/21
 30940 | D:12     | You fall through a shaft for 3 floors!
 30940 | D:15     | Entered Level 15 of the Dungeon
 31323 | D:13     | Noticed Kirke
 31332 | D:13     | Killed Kirke
 31391 | D:13     | Noticed Nessos
 31408 | D:13     | Killed Nessos
 31548 | D:13     | Found a flagged portal.
 31556 | Bailey   | Entered a bailey
 31668 | Bailey   | Reached skill level 15 in Transmutations
 31713 | Bailey   | Found a bloodstained altar of Trog.
 34173 | D:14     | Reached skill level 1 in Shields
 34372 | D:14     | Found a gate to the Vaults.
 34574 | D:15     | Found a staircase to the Depths.
 34574 | D:15     | Noticed a fire giant
 34766 | D:15     | Killed a fire giant
 34766 | D:15     | Reached skill level 15 in Unarmed Combat
 34978 | D:15     | Noticed Roxanne
 35501 | D:15     | Killed Roxanne
 35513 | D:15     | Learned a level 6 spell: Statue Form
 35856 | D:15     | Found a portal to a secret trove of treasure.
 36016 | Orc:1    | Entered Level 1 of the Orcish Mines
 36016 | Orc:1    | Noticed Gastronok
 36017 | Orc:1    | Paralysed by an orc sorcerer for 4 turns
 36027 | Orc:1    | Killed Gastronok
 36027 | Orc:1    | Reached skill level 1 in Earth Magic
 36027 | Orc:1    | Reached XP level 16. HP: 93/121 MP: 11/22
 36273 | Orc:1    | Found Qoxup's Magic Scroll Shop.
 36276 | Orc:1    | Bought a scroll of magic mapping for 49 gold pieces
 36276 | Orc:1    | Bought a scroll of magic mapping for 49 gold pieces
 36276 | Orc:1    | Bought a scroll of amnesia for 49 gold pieces
 36276 | Orc:1    | Bought a scroll of fear for 49 gold pieces
 36601 | Orc:2    | Entered Level 2 of the Orcish Mines
 36605 | Orc:2    | Found a staircase to the Elven Halls.
 38278 | Orc:2    | Found Betzit's Jewellery Boutique.
 38278 | Orc:2    | Found Toba's Distillery.
 38279 | Orc:2    | Found Fapna's Jewellery Boutique.
 38279 | Orc:2    | Found Suggyc's Magic Scroll Shop.
 38291 | Orc:2    | Bought a scroll of blinking for 127 gold pieces
 38292 | Orc:2    | Bought a potion of heal wounds for 50 gold pieces
 38292 | Orc:2    | Bought a potion of curing for 30 gold pieces
 38292 | Orc:2    | Bought a potion of curing for 30 gold pieces
 38292 | Orc:2    | Bought a potion of curing for 30 gold pieces
 38292 | Orc:2    | Bought a potion of heal wounds for 50 gold pieces
 38292 | Orc:2    | Bought a potion of curing for 30 gold pieces
 38793 | Orc:2    | Bought the ring of Dyxzec {rPois rC+} for 579 gold pieces
 38940 | Snake:1  | Entered Level 1 of the Snake Pit
 38988 | Snake:1  | Noticed Aizul
 39006 | Snake:1  | Killed Aizul
 39006 | Snake:1  | Reached skill level 5 in Earth Magic
 40454 | Snake:1  | Reached skill level 16 in Unarmed Combat
 41480 | Snake:2  | Noticed a nagaraja
 41484 | Snake:2  | Killed a nagaraja
 42123 | Snake:2  | Reached XP level 17. HP: 119/127 MP: 23/23
 42259 | Snake:2  | Learned a level 3 spell: Regeneration
 42881 | Snake:2  | Noticed Vashnia
 43338 | Orc:2    | Bought the amulet of Botusiw {Faith MR++ Dex+2} for 953 gold pieces
 43429 | Elf:1    | Entered Level 1 of the Elven Halls
 44071 | Elf:1    | Noticed Louise
 44110 | Elf:1    | Killed Louise
 44126 | Elf:1    | Identified Izxafehe's Almanac of the Escort
 44350 | Elf:1    | Reached skill level 1 in Charms
 45160 | Snake:2  | Reached skill level 10 in Earth Magic
 45424 | Snake:2  | Killed Vashnia
 45950 | Snake:3  | Reached skill level 5 in Charms
 46117 | Snake:3  | Noticed Mara
 46130 | Snake:3  | Noticed grindst0ne's illusion
 46154 | Snake:3  | Noticed grindst0ne's illusion
 46183 | Snake:3  | Noticed grindst0ne's illusion
 46195 | Snake:3  | Noticed grindst0ne's illusion
 46230 | Snake:3  | Noticed grindst0ne's illusion
 46238 | Snake:3  | Killed Mara
 46238 | Snake:3  | Reached XP level 18. HP: 111/134 MP: 6/24
 46811 | Snake:3  | Identified Ucubipsi's Handbook of Protection and Venom
 47319 | Snake:4  | Entered Level 4 of the Snake Pit
 47319 | Snake:4  | Found a white marble altar of Elyvilon.
 48054 | Snake:4  | Reached skill level 10 in Fighting
 48054 | Snake:4  | Reached skill level 5 in Spellcasting
 48246 | Snake:4  | Noticed Agnes
 48254 | Snake:4  | Killed Agnes
 48627 | Snake:4  | Reached XP level 19. HP: 131/142 MP: 4/29
 48647 | Snake:4  | Learned a level 4 spell: Passage of Golubria
 48649 | Snake:4  | Learned a level 1 spell: Apportation
 48652 | Snake:4  | Learned a level 2 spell: Passwall
 48925 | Snake:4  | Got a serpentine rune of Zot
 48928 | Snake:4  | Upgraded the game from 0.21-a0-110-g8e1637b to 0.21-a0-111-g52d2817
 49141 | Shoals:1 | Entered Level 1 of the Shoals
 49201 | Shoals:1 | Learned a level 5 spell: Lee's Rapid Deconstruction
 49210 | Shoals:1 | Learned a level 5 spell: Yara's Violent Unravelling
 50078 | Shoals:2 | Found a frozen archway.
 50089 | IceCv    | Entered an ice cave
 51015 | IceCv    | Learned a level 3 spell: Ozocubu's Armour
 52187 | Shoals:3 | Found Nauxkux's Gadget Emporium.
 52724 | Shoals:4 | Entered Level 4 of the Shoals
 52834 | Shoals:4 | Noticed Ilsuiw
 52860 | Shoals:4 | Killed Ilsuiw
 53332 | Shoals:4 | Noticed Jorgrun
 53341 | Shoals:4 | Killed Jorgrun
 53484 | Shoals:4 | Noticed Donald
 53498 | Shoals:4 | Killed Donald
 53567 | Shoals:4 | Reached skill level 17 in Unarmed Combat
 53856 | Shoals:4 | Reached XP level 20. HP: 153/153 MP: 30/33
 53896 | Shoals:4 | Reached skill level 10 in Spellcasting
 54003 | Shoals:4 | Got a barnacled rune of Zot
 54245 | Vaults:1 | Entered Level 1 of the Vaults
 54646 | Vaults:1 | Gained mutation: You tend to lose your temper in combat. [you]
 54715 | Vaults:1 | Lost mutation: You expend magic power (3 MP) to strengthen your wands. [potion of mutation]
 54715 | Vaults:1 | Lost mutation: You tend to lose your temper in combat. [potion of mutation]
 54715 | Vaults:1 | Lost mutation: Your flesh is cold resistant. (rC+) [potion of mutation]
 54715 | Vaults:1 | Gained mutation: Your magical capacity is low. (-10% MP) [potion of mutation]
 54715 | Vaults:1 | Gained mutation: You are somewhat resistant to further mutation. [potion of mutation]
 54855 | Vaults:1 | Found Pitur's Assorted Antiques.
 54863 | Vaults:1 | Bought a bound tin amulet for 170 gold pieces
 54863 | Vaults:1 | Bought a potion of agility for 136 gold pieces
 54863 | Vaults:1 | Bought a scroll of fear for 119 gold pieces
 54863 | Vaults:1 | Bought a scroll of fear for 119 gold pieces
 54868 | Vaults:1 | Identified the amulet of Qoatoc {Faith *Corrode rC++ rN+ Dex+4} (You bought it in a shop on level 1 of the Vaults)
 55657 | Vaults:1 | Identified the Papyrus of Creative Transmutation
 55942 | Vaults:2 | Reached XP level 21. HP: 163/163 MP: 32/32
 55945 | Vaults:2 | Found a magical portal.
 55992 | WizLab   | Entered Doroklohe's Tomb
 56205 | WizLab   | Reached skill level 18 in Unarmed Combat
 56644 | Vaults:2 | Found a staircase to the Crypt.
 56644 | Vaults:2 | Found an ancient bone altar of Kikubaaqudgha.
 56645 | Vaults:2 | Found a basalt altar of Yredelemnul.
 56846 | Vaults:2 | Learned a level 5 spell: Irradiate
 57528 | Vaults:2 | Found Wovvufe's Antique Armour Shop.
 58936 | Vaults:3 | Noticed Sojobo
 58943 | Vaults:3 | Reached XP level 22. HP: 174/174 MP: 33/33
 58952 | Vaults:3 | Reached skill level 15 in Fighting
 58983 | Vaults:3 | Killed Sojobo
 59674 | Vaults:4 | Reached skill level 19 in Unarmed Combat
 59994 | Vaults:4 | Found Wemenk's General Store.
 60967 | Vaults:4 | Reached skill level 1 in Hexes
 60974 | Vaults:4 | Reached skill level 1 in Conjurations
 61148 | Vaults:4 | Reached XP level 23. HP: 160/183 MP: 9/34
 61348 | Vaults:4 | Noticed a golden dragon
 61348 | Vaults:4 | an iron dragon changed into a golden dragon
 61351 | Vaults:4 | a golden dragon changed into an acid blob
 61420 | Vaults:4 | Found Maacoonu's Armour Shop.
 61427 | Vaults:4 | Bought the +3 crown of Dyrovepreva {rElec Int+2 SInv} for 579 gold pieces
 61872 | Depths:1 | Entered Level 1 of the Depths
 62027 | Depths:1 | Reached skill level 5 in Hexes
 62163 | Depths:1 | Found Ydirhah's Gadget Emporium.
 62163 | Depths:1 | Found Josmig's Jewellery Shop.
 62165 | Depths:1 | Found Gonezop's Gadget Emporium.
 62187 | Depths:1 | Reached skill level 20 in Unarmed Combat
 63060 | Depths:1 | Found a gateway to Hell.
 63083 | Depths:1 | Found a one-way gate leading to the halls of Pandemonium.
 63732 | Depths:2 | Found Aloidoest's Weapon Emporium.
 63874 | Depths:2 | Identified the ring of False Hope {rElec rF+ rN+ MR+ Slay+3} (You found it on level 2 of the Depths)
 63889 | Depths:2 | Noticed a caustic shrike
 63895 | Depths:2 | Killed a caustic shrike
 63923 | Depths:2 | Identified the ring of Ruust {Dex+7 SInv} (You found it on level 2 of the Depths)
 63962 | Depths:2 | Paralysed by a floating eye for 3 turns
 64005 | Depths:2 | Identified the ring "Sosch" {*Corrode EV+2 Int+3} (You found it on level 2 of the Depths)
 64076 | Depths:2 | Identified the +2 pair of gloves of the Known World {rPois Dex+5 SInv} (You found it on level 2 of the Depths)
 64194 | Depths:2 | Identified the ring of Lothah {rCorr rC++} (You took it off an orc warrior on level 2 of the Depths)
 64252 | Depths:2 | Reached skill level 15 in Dodging
 64277 | Depths:2 | Found Ynnus's General Store.
 64301 | Depths:2 | Bought a bread ration for 105 gold pieces
 64301 | Depths:2 | Bought a fruit for 31 gold pieces
 64301 | Depths:2 | Bought a royal jelly for 42 gold pieces
 64301 | Depths:2 | Bought a scroll of fear for 73 gold pieces
 64333 | Depths:2 | Reached XP level 24. HP: 156/191 MP: 34/34
 65088 | Depths:3 | Noticed the Enchantress
 65097 | Depths:3 | Killed the Enchantress
 65101 | Depths:3 | Noticed a caustic shrike
 65358 | Depths:3 | Reached skill level 21 in Unarmed Combat
 65982 | Depths:3 | Noticed Jory
 66324 | Depths:3 | Killed Jory
 66412 | Depths:3 | Found a gateway to a ziggurat.
 66514 | Depths:3 | Reached skill level 5 in Shields
 66544 | Depths:3 | Killed a caustic shrike
 66645 | Depths:3 | Reached XP level 25. HP: 197/197 MP: 22/34
 66702 | Depths:3 | Identified the +1 faerie dragon scales {rN+ MR+ Regen+ rCorr} (You took it off the Enchantress on level 3 of the Depths)
 68185 | Depths:4 | Noticed Mennas
 68208 | Depths:4 | Killed Mennas
 68264 | Depths:4 | Got a polished shield
 68275 | Depths:4 | Identified the +4 shield of Trumpets {rN+} (You acquired it on level 4 of the Depths)
 68491 | Depths:4 | Found a one-way gate to the infinite horrors of the Abyss.
 68789 | Depths:4 | Noticed Saint Roka
 68790 | Depths:4 | Gained mutation: Armour fits poorly on your strangely shaped body. [you]
 68799 | Depths:4 | Killed Saint Roka
 68977 | Depths:5 | Entered Level 5 of the Depths
 69452 | Depths:5 | Found a gate to the Realm of Zot.
 69512 | Depths:5 | Paralysed by a floating eye for 3 turns
 69573 | Depths:5 | Found Qehog's Book Emporium.
 69646 | Depths:5 | Found Kisor's Weapon Shop.
 69759 | Depths:5 | Reached XP level 26. HP: 204/204 MP: 27/34
 69873 | Depths:5 | Found Soniunka's Weapon Shop.
 70007 | Depths:5 | Reached skill level 22 in Unarmed Combat
 70017 | Depths:5 | Reached skill level 10 in Hexes
 70161 | Hell     | Entered the Vestibule of Hell
 70161 | Hell     | Noticed Geryon
 70175 | Hell     | Killed Geryon
 70467 | Depths:5 | Learned a level 6 spell: Darkness
 70476 | Depths:5 | Learned a level 6 spell: Invisibility
 70677 | D:15     | You paid a toll of the horn of Geryon to enter a treasure trove
 70678 | Trove    | Entered a treasure trove
 70858 | Crypt:1  | Entered Level 1 of the Crypt
 71770 | Crypt:2  | Found an ancient bone altar of Kikubaaqudgha.
 72244 | Crypt:3  | Entered Level 3 of the Crypt
 72280 | Crypt:3  | Noticed Khufu
 72286 | Crypt:3  | Noticed a greater mummy
 72301 | Crypt:3  | Killed a greater mummy
 72332 | Crypt:3  | Killed Khufu
 72916 | Crypt:3  | Found a staircase to the Tomb.
 72966 | Crypt:3  | Got a pair of slimy gloves
 72967 | Crypt:3  | Identified the +2 pair of gloves of the Illusory Curses {+Fly rC+ Int-2 Dex+6} (You acquired it on level 3 of the Crypt)
 73006 | Crypt:3  | Identified the Papyrus of Shape Shifting and Conjuration
 73010 | Crypt:3  | Noticed a greater mummy
 73012 | Crypt:3  | Noticed a greater mummy
 73020 | Crypt:3  | Killed a greater mummy
 73042 | Crypt:3  | Killed a greater mummy
 73258 | Crypt:3  | Noticed Xtahua
 73269 | Crypt:3  | Killed Xtahua
 73269 | Crypt:3  | Reached XP level 27. HP: 210/210 MP: 32/34
 73496 | Crypt:3  | Found an ancient bone altar of Kikubaaqudgha.
 73515 | Crypt:3  | Identified the Incunabulum of Darkness
 73634 | Crypt:3  | Found a basalt altar of Yredelemnul.
 73719 | Crypt:3  | Identified the ring "Exiov" {+Inv +Fly rElec rN+ Slay-4} (You found it on level 3 of the Crypt)
 73720 | Crypt:3  | Identified the amulet "Zeitos" {rN+ Regen+ Str+5} (You found it on level 3 of the Crypt)
 73721 | Crypt:3  | Identified the ring "Befou" {rN+ Str+3} (You found it on level 3 of the Crypt)
 74254 | Vaults:5 | Entered Level 5 of the Vaults
 74265 | Vaults:5 | Noticed an ancient lich
 74312 | Vaults:5 | Killed an ancient lich
 74339 | Vaults:5 | Reached skill level 23 in Unarmed Combat
 74468 | Vaults:5 | Got a silver rune of Zot
 74476 | Vaults:5 | Identified Sif Muna's Grimoire of Warped Talismans
 74488 | Vaults:5 | Identified the +4 leather armour of Protective Custody {Str+3 Dex+2} (You found it on level 5 of the Vaults)
 74686 | Vaults:5 | Identified the cursed +1 scale mail of the Princeling {rF+ Dex+2 Slay+3} (You found it on level 5 of the Vaults)
 75031 | Vaults:5 | Noticed an ancient lich
 75066 | Vaults:5 | Killed an ancient lich
 75331 | Vaults:5 | Reached skill level 24 in Unarmed Combat
 75360 | Vaults:5 | Identified the +3 ring mail of Greed {Int+3 Dex+7} (You found it on level 5 of the Vaults)
 76418 | Zot:1    | Entered Level 1 of the Realm of Zot
 76813 | Zot:1    | Noticed an orb of fire
 76827 | Zot:1    | Killed an orb of fire
 77070 | Zot:1    | Noticed an orb of fire
 77074 | Zot:1    | Killed an orb of fire
 77752 | Zot:2    | Reached skill level 1 in Stealth
 78071 | Zot:2    | Identified the Grimoire of the Displaced Arsonist
 78361 | Zot:2    | Identified the +2 scale mail of Starshine {rPois Stlth+} (You found it on level 2 of the Realm of Zot)
 78425 | Zot:2    | Identified the cursed +0 scale mail "Neruoqa" {Dex+5} (You found it on level 2 of the Realm of Zot)
 78735 | Zot:3    | Reached skill level 5 in Stealth
 79026 | Zot:3    | Reached skill level 25 in Unarmed Combat
 80392 | Zot:4    | Gained mutation: You are weak. (Str -2) [mutagenic glow]
 80426 | Zot:4    | Gained mutation: Your body sometimes deteriorates upon taking damage. [mutagenic glow]
 80878 | Zot:5    | Entered Level 5 of the Realm of Zot
 81234 | Zot:5    | Noticed an ancient lich
 81243 | Zot:5    | Killed an ancient lich
 81483 | Zot:5    | Noticed an ancient lich
 81501 | Zot:5    | Killed an ancient lich
 81655 | Zot:5    | Noticed an ancient lich
 81664 | Zot:5    | Killed an ancient lich
 81758 | Zot:5    | Noticed an orb of fire
 81769 | Zot:5    | Killed an orb of fire
 81903 | Zot:5    | Noticed an orb of fire
 81917 | Zot:5    | Killed an orb of fire
 82944 | Elf:2    | Found a large runed door.
 82944 | Elf:2    | Found a large runed door.
 82971 | Elf:2    | Found a large runed door.
 82971 | Elf:2    | Found a large runed door.
 83438 | Elf:3    | Entered Level 3 of the Elven Halls
 83621 | Elf:3    | Found Vuvu's Antique Armour Shop.
 83629 | Elf:3    | Found Puhot's Book Shop.
 84954 | Elf:3    | Got a warped garnet amulet
 85038 | Elf:3    | Identified the amulet "Hicon" {Spirit rF+ Str+4} (You took it off a deep elf master archer on level 3 of the Elven Halls)
 85040 | Elf:3    | Identified the amulet of Liberty {+Rage rF+ SInv} (You took it off a deep elf blademaster on level 3 of the Elven Halls)
 85091 | Elf:3    | Identified the Incunabulum of the Birds and Sinister Secrets
 85162 | Elf:3    | Bought the -2 hat of the Alchemist {rElec rPois rF+ rC+ rN+ MR+ rMut rCorr} for 1793 gold pieces
 85183 | Elf:3    | Lost mutation: Your body sometimes deteriorates upon taking damage. [potion of mutation]
 85183 | Elf:3    | Lost mutation: You are somewhat resistant to further mutation. [potion of mutation]
 85183 | Elf:3    | Gained mutation: You are very weak. (Str -4) [potion of mutation]
 85183 | Elf:3    | Gained mutation: You are clumsy. (Dex -2) [potion of mutation]
 85183 | Elf:3    | Gained mutation: You possess an exceptional clarity of mind. [potion of mutation]
 85184 | Elf:3    | Lost mutation: Armour fits poorly on your strangely shaped body. [potion of mutation]
 85184 | Elf:3    | Lost mutation: You are very weak. (Str -4) [potion of mutation]
 85184 | Elf:3    | Lost mutation: You are weak. (Str -2) [potion of mutation]
 85184 | Elf:3    | Lost mutation: Your magical capacity is low. (-10% MP) [potion of mutation]
 85184 | Elf:3    | Gained mutation: Your muscles are strong. (Str +2) [potion of mutation]
 85184 | Elf:3    | Gained mutation: You can translocate small distances at will. [potion of mutation]
 85184 | Elf:3    | Gained mutation: You are partially covered in molten scales. (AC +2) [potion of mutation]
 85462 | Slime:1  | Entered Level 1 of the Pits of Slime
 85470 | Slime:1  | Gained mutation: Your spells are a little easier to cast, but a little less powerful. [a shining eye]
 85734 | Slime:2  | Paralysed by a floating eye for 4 turns
 85922 | Slime:2  | Reached skill level 10 in Translocations
 86001 | Slime:3  | Gained mutation: Scrolls take you a little longer to read. [a shining eye]
 86020 | Slime:5  | Entered Level 5 of the Pits of Slime
 86093 | Slime:5  | Noticed the Royal Jelly
 86105 | Slime:5  | Killed the Royal Jelly
 86117 | Slime:5  | Gained mutation: Armour fits poorly on your strangely shaped body. [a shining eye]
 86287 | Slime:5  | Lost mutation: Scrolls take you a little longer to read. [potion of mutation]
 86287 | Slime:5  | Lost mutation: Your spells are a little easier to cast, but a little less powerful. [potion of mutation]
 86287 | Slime:5  | Lost mutation: You can translocate small distances at will. [potion of mutation]
 86287 | Slime:5  | Lost mutation: Armour fits poorly on your strangely shaped body. [potion of mutation]
 86287 | Slime:5  | Lost mutation: You possess an exceptional clarity of mind. [potion of mutation]
 86287 | Slime:5  | Gained mutation: You are somewhat resistant to further mutation. [potion of mutation]
 86287 | Slime:5  | Gained mutation: Your flesh is cold resistant. (rC+) [potion of mutation]
 86297 | Slime:5  | Got a slimy rune of Zot
 86331 | Slime:5  | Identified the Volume of Assistive Dislocation
 86364 | Slime:5  | Got a flickering bronze ring
 86365 | Slime:5  | Identified the ring of Kyeweong {Wiz rPois rN+ Int+6 Dex-4} (You found it on level 5 of the Pits of Slime)
 86380 | Slime:5  | Got a steaming granite ring
 86381 | Slime:5  | Identified the ring "Yqalisto" {rCorr *Corrode rPois rF+ MR+} (You found it on level 5 of the Pits of Slime)
 86422 | Slime:5  | Upgraded the game from 0.21-a0-111-g52d2817 to 0.21-a0-113-g6841d05
 86446 | Slime:5  | Paralysed by a floating eye for 3 turns
 87035 | Depths:4 | Voluntarily entered the Abyss.
 87293 | Depths:4 | Escaped the Abyss
 87297 | Depths:4 | Voluntarily entered the Abyss.
 87908 | Abyss:2  | Found a corrupted altar of Lugonu.
 88491 | Abyss:4  | Found a bloodstained altar of Trog.
 88491 | Abyss:4  | Found a hazy altar of Hepliaklqana.
 88491 | Abyss:4  | Found an ancient bone altar of Kikubaaqudgha.
 88491 | Abyss:4  | Found a shattered altar of Ashenzari.
 88491 | Abyss:4  | Found a white marble altar of Elyvilon.
 88492 | Abyss:4  | Found an ornate altar of the Wu Jian Council.
 88492 | Abyss:4  | Found a radiant altar of Vehumet.
 88492 | Abyss:4  | Found a deep blue altar of Sif Muna.
 88492 | Abyss:4  | Found a blossoming altar of Fedhas.
 88492 | Abyss:4  | Found an iron altar of Okawaru.
 88493 | Abyss:4  | Found a shadowy altar of Dithmenos.
 88493 | Abyss:4  | Found a glowing golden altar of the Shining One.
 88495 | Abyss:4  | Found a glowing silver altar of Zin.
 88520 | Abyss:4  | Found a white marble altar of Elyvilon.
 88521 | Abyss:4  | Found a stormy altar of Qazlal.
 88521 | Abyss:4  | Found a burning altar of Makhleb.
 88537 | Abyss:4  | Found a shimmering altar of Xom.
 88537 | Abyss:4  | Found a burning altar of Makhleb.
 88537 | Abyss:4  | Found a snail-covered altar of Cheibriados.
 88537 | Abyss:4  | Found a basalt altar of Yredelemnul.
 88539 | Abyss:4  | Found a basalt altar of Yredelemnul.
 88539 | Abyss:4  | Found an opulent altar of Gozag.
 88539 | Abyss:4  | Found a sparkling altar of Nemelex Xobeh.
 88589 | Abyss:4  | Found a corrupted altar of Lugonu.
 88632 | Abyss:4  | Found an ancient bone altar of Kikubaaqudgha.
 88654 | Abyss:4  | Found a shattered altar of Ashenzari.
 88654 | Abyss:4  | Found an ornate altar of the Wu Jian Council.
 88654 | Abyss:4  | Found a hazy altar of Hepliaklqana.
 88654 | Abyss:4  | Found a snail-covered altar of Cheibriados.
 88700 | Abyss:4  | Found an ornate altar of the Wu Jian Council.
 88703 | Abyss:4  | Found a radiant altar of Vehumet.
 88729 | Abyss:4  | Reached skill level 15 in Translocations
 88764 | Abyss:4  | Paralysed by accursed screaming for 1 turns
 88903 | Abyss:4  | Paralysed by accursed screaming for 1 turns
 89170 | Abyss:4  | Paralysed by accursed screaming for 1 turns
 89176 | Abyss:4  | Paralysed by accursed screaming for 1 turns
 89366 | Abyss:4  | Paralysed by accursed screaming for 1 turns
 89369 | Abyss:4  | Paralysed by accursed screaming for 1 turns
 89533 | Abyss:4  | Learned a level 8 spell: Controlled Blink
 89567 | Abyss:4  | Paralysed by accursed screaming for 1 turns
 89808 | Abyss:5  | Entered Level 5 of the Abyss
 89904 | Abyss:5  | Paralysed by accursed screaming for 1 turns
 89935 | Abyss:5  | Paralysed by accursed screaming for 1 turns
 90071 | Abyss:5  | Paralysed by accursed screaming for 1 turns
 90309 | Abyss:5  | Paralysed by accursed screaming for 1 turns
 90395 | Abyss:5  | Got an abyssal rune of Zot
 90419 | Depths:4 | Escaped the Abyss
 90854 | Elf:3    | Bought an embroidered scarf for 304 gold pieces
 90879 | Elf:3    | Bought a book of the Sky for 910 gold pieces
 90879 | Elf:3    | Bought a Necronomicon for 1545 gold pieces
 90901 | Elf:3    | Learned a level 6 spell: Deflect Missiles
 91640 | Tomb:1   | Entered Level 1 of the Tomb of the Ancients
 92047 | Tomb:1   | Reached skill level 10 in Charms
 92050 | Tomb:1   | Noticed a greater mummy
 92074 | Tomb:1   | Gained mutation: Your magical capacity is low. (-10% MP) [mutagenic glow]
 92360 | Tomb:1   | Killed a greater mummy
 92388 | Tomb:1   | Noticed a greater mummy
 92395 | Tomb:1   | Killed a greater mummy
 92621 | Tomb:1   | Noticed a greater mummy
 92633 | Tomb:1   | Killed a greater mummy
 93027 | Tomb:1   | Reached skill level 1 in Necromancy
 93028 | Tomb:1   | Noticed a greater mummy
 93029 | Tomb:1   | Noticed a greater mummy
 93030 | Tomb:1   | Noticed a greater mummy
 93032 | Tomb:1   | Killed a greater mummy
 93036 | Tomb:1   | Killed a greater mummy
 93045 | Tomb:1   | Killed a greater mummy
 93232 | Tomb:1   | Noticed a greater mummy
 93236 | Tomb:1   | Killed a greater mummy
 93259 | Tomb:1   | Noticed a greater mummy
 93262 | Tomb:1   | Noticed a greater mummy
 93269 | Tomb:1   | Killed a greater mummy
 93299 | Tomb:1   | Killed a greater mummy
 93514 | Tomb:1   | Learned a level 5 spell: Silence
 93569 | Tomb:2   | Noticed a greater mummy
 93569 | Tomb:2   | Noticed a greater mummy
 93574 | Tomb:2   | Killed a greater mummy
 93586 | Tomb:2   | Noticed a greater mummy
 93588 | Tomb:2   | Reached skill level 5 in Necromancy
 93589 | Tomb:2   | Noticed a greater mummy
 93827 | Tomb:2   | Killed a greater mummy
 93831 | Tomb:2   | Killed a greater mummy
 93856 | Tomb:2   | Killed a greater mummy
 94360 | Tomb:1   | Noticed a greater mummy
 94360 | Tomb:1   | Noticed a greater mummy
 94458 | Tomb:1   | Killed a greater mummy
 94555 | Tomb:1   | Noticed a greater mummy
 94563 | Tomb:1   | Killed a greater mummy
 94592 | Tomb:1   | Killed a greater mummy
 94594 | Tomb:1   | Noticed a greater mummy
 94604 | Tomb:1   | Killed a greater mummy
 94650 | Tomb:1   | Noticed a greater mummy
 94662 | Tomb:1   | Killed a greater mummy
 94669 | Tomb:1   | Noticed a greater mummy
 94675 | Tomb:1   | Killed a greater mummy
 94706 | Tomb:1   | Noticed a greater mummy
 94718 | Tomb:1   | Killed a greater mummy
 94720 | Tomb:1   | Noticed a greater mummy
 94846 | Tomb:1   | Killed a greater mummy
 94900 | Tomb:1   | Noticed a greater mummy
 94904 | Tomb:1   | Killed a greater mummy
 95071 | Tomb:3   | Entered Level 3 of the Tomb of the Ancients
 95102 | Tomb:3   | Noticed a greater mummy
 95108 | Tomb:3   | Noticed a greater mummy
 95108 | Tomb:3   | Reached skill level 15 in Spellcasting
 95113 | Tomb:3   | Killed a greater mummy
 95119 | Tomb:3   | Killed a greater mummy
 95121 | Tomb:3   | Noticed a greater mummy
 95317 | Tomb:3   | Noticed a greater mummy
 95319 | Tomb:3   | Noticed a greater mummy
 95325 | Tomb:3   | Killed a greater mummy
 95565 | Tomb:3   | Killed a greater mummy
 95566 | Tomb:3   | Killed a greater mummy
 95573 | Tomb:3   | Noticed a greater mummy
 95580 | Tomb:3   | Killed a greater mummy
 95864 | Tomb:3   | Noticed a greater mummy
 95869 | Tomb:3   | Noticed a greater mummy
 95873 | Tomb:3   | Killed a greater mummy
 95882 | Tomb:3   | Killed a greater mummy
 95893 | Tomb:3   | Identified the Papyrus of Supportive Good Luck
 95898 | Tomb:3   | Identified the Tome of Icy Boosts
 95914 | Tomb:3   | Learned a level 2 spell: Song of Slaying
 96135 | Tomb:3   | Noticed a greater mummy
 96150 | Tomb:3   | Killed a greater mummy
 96199 | Tomb:3   | Got a golden rune of Zot
 96297 | Tomb:3   | Learned a level 2 spell: Blink
 96573 | Crypt:3  | Learned a level 5 spell: Aura of Abjuration
 96884 | Hell     | Reached skill level 1 in Summonings
 97290 | Hell     | Found a gateway to the ashen valley of Gehenna.
 97582 | Hell     | Found a gateway to the decaying netherworld of Tartarus.
 97628 | Hell     | Found a gateway to the freezing wastes of Cocytus.
 97697 | Hell     | Found a gateway to the Iron City of Dis.
 97732 | Hell     | Reached skill level 5 in Summonings
 97893 | Zig:1    | Entered Level 1 of a ziggurat
 97913 | Zig:2    | Entered Level 2 of a ziggurat
 97939 | Zig:3    | Entered Level 3 of a ziggurat
 97961 | Zig:3    | Got a scintillating wooden ring
 97962 | Zig:3    | Identified the ring "Ritsogh" {rF++ Int+4} (You found it on level 3 of a ziggurat)
 97976 | Zig:3    | Identified the Grimoire of Changing and the Arsonist
 97981 | Zig:4    | Entered Level 4 of a ziggurat
 98049 | Zig:5    | Entered Level 5 of a ziggurat
 98213 | Zig:6    | Entered Level 6 of a ziggurat
 98291 | Zig:7    | Entered Level 7 of a ziggurat
 98300 | Zig:7    | Noticed an orb of fire
 98300 | Zig:7    | Noticed an orb of fire
 98310 | Zig:7    | Killed an orb of fire
 98314 | Zig:7    | Killed an orb of fire
 98353 | Zig:8    | Entered Level 8 of a ziggurat
 98483 | Zig:8    | Noticed a juggernaut
 98489 | Zig:8    | Killed a juggernaut
 98525 | Zig:8    | Gained mutation: You are frail. (-10% HP) [mutagenic glow]
 98726 | Zig:9    | Entered Level 9 of a ziggurat
 98741 | Zig:9    | Paralysed by accursed screaming for 1 turns
 98750 | Zig:9    | Paralysed by accursed screaming for 1 turns
 98904 | Zig:10   | Entered Level 10 of a ziggurat
 98985 | Zig:10   | Identified the cursed ring of Neretekk {Int+3 Dex-3 Slay+5} (You found it on level 10 of a ziggurat)
 98992 | Zig:10   | Identified the ring of Disaster {rPois rC+ rN+ Int+2} (You found it on level 10 of a ziggurat)
 99019 | Zig:11   | Entered Level 11 of a ziggurat
 99218 | Zig:12   | Entered Level 12 of a ziggurat
 99293 | Zig:12   | Identified Jelaurysi's Tome of Sinister Rituals and the Oath
 99497 | Zig:13   | Entered Level 13 of a ziggurat
 99516 | Zig:13   | Paralysed by accursed screaming for 1 turns
 99531 | Zig:13   | Paralysed by accursed screaming for 2 turns
 99537 | Zig:13   | Paralysed by accursed screaming for 2 turns
 99585 | Zig:13   | Got a pitted ruby amulet
 99588 | Zig:13   | Identified the amulet "Xefycsoi" {Gourm rN+} (You found it on level 13 of a ziggurat)
 99609 | Zig:13   | Identified An Early Guide to Witchery
 99700 | Zig:14   | Entered Level 14 of a ziggurat
100023 | Geh:1    | Entered Level 1 of Gehenna
100057 | Geh:1    | Reached skill level 1 in Air Magic
101026 | Geh:7    | Entered Level 7 of Gehenna
101705 | Geh:7    | Reached skill level 10 in Stealth
101833 | Geh:7    | Identified the +2 helmet of the Untouchables {Str+4} (You acquired it on level 7 of Gehenna)
101977 | Geh:7    | Noticed Asmodeus
101998 | Geh:7    | Killed Asmodeus
102038 | Geh:7    | Got an obsidian rune of Zot
102341 | Geh:7    | Reached skill level 26 in Unarmed Combat
102524 | Coc:1    | Entered Level 1 of Cocytus
103482 | Coc:7    | Entered Level 7 of Cocytus
103786 | Coc:7    | Reached skill level 27 in Unarmed Combat
104457 | Coc:7    | Noticed Antaeus
104750 | Coc:7    | Killed Antaeus
104752 | Coc:7    | Identified the +8 morningstar of the Manifold Curses {crush, rC+} (You took it off Antaeus on level 7 of Cocytus)
104773 | Coc:7    | Got an icy rune of Zot
105182 | Tar:1    | Entered Level 1 of Tartarus
105895 | Tar:7    | Entered Level 7 of Tartarus
106241 | Tar:7    | Noticed Ereshkigal
106504 | Tar:7    | Killed Ereshkigal
106538 | Tar:7    | Got a bone rune of Zot
106802 | Dis:1    | Entered Level 1 of the Iron City of Dis
107136 | Dis:4    | Gained mutation: Your body sometimes deteriorates upon taking damage. [mutagenic glow]
107519 | Dis:7    | Entered Level 7 of the Iron City of Dis
107856 | Dis:7    | Noticed the Serpent of Hell
107873 | Dis:7    | Killed the Serpent of Hell
108123 | Dis:7    | Noticed Dispater
108133 | Dis:7    | Killed Dispater
108133 | Dis:7    | Reached skill level 15 in Earth Magic
108163 | Dis:7    | Got an iron rune of Zot
108637 | Pan      | Entered Pandemonium
108678 | Pan      | Found an exit through the horrors of the Abyss.
108821 | Pan      | Noticed Akas the pandemonium lord
109690 | Pan      | Entered the realm of Cerebov.
109978 | Pan      | Noticed Cerebov
109996 | Pan      | Killed Cerebov
109996 | Pan      | Reached skill level 5 in Evocations
110014 | Pan      | Got a fiery rune of Zot
110272 | Pan      | Found an exit through the horrors of the Abyss.
110376 | Pan      | Noticed Deffomeh the pandemonium lord
110389 | Pan      | Killed Deffomeh the pandemonium lord
110708 | Pan      | Gained mutation: You are very frail. (-20% HP) [a neqoxec]
110723 | Pan      | Lost mutation: Your muscles are strong. (Str +2) [potion of mutation]
110723 | Pan      | Lost mutation: You are very frail. (-20% HP) [potion of mutation]
110723 | Pan      | Lost mutation: You are clumsy. (Dex -2) [potion of mutation]
110723 | Pan      | Lost mutation: You are frail. (-10% HP) [potion of mutation]
110723 | Pan      | Lost mutation: Your magical capacity is low. (-10% MP) [potion of mutation]
110723 | Pan      | Lost mutation: Your flesh is cold resistant. (rC+) [potion of mutation]
110724 | Pan      | Lost mutation: Your body sometimes deteriorates upon taking damage. [potion of mutation]
110724 | Pan      | Lost mutation: You are somewhat resistant to further mutation. [potion of mutation]
110724 | Pan      | Lost mutation: You are partially covered in molten scales. (AC +2) [potion of mutation]
110760 | Pan      | Noticed Birarghil the pandemonium lord
110779 | Pan      | Killed Birarghil the pandemonium lord
110848 | Pan      | Got a demonic rune of Zot
111024 | Pan      | Noticed Didethrush the pandemonium lord
111047 | Pan      | Killed Didethrush the pandemonium lord
111061 | Pan      | Entered the realm of Gloorx Vloq.
111219 | Pan      | Reached skill level 10 in Evocations
111236 | Pan      | Identified the amulet "Atoohyib" {Inacc rC+ Str+6} (You found it in Pandemonium)
111411 | Pan      | Noticed Gloorx Vloq
111427 | Pan      | Killed Gloorx Vloq
111445 | Pan      | Identified the +0 pair of gloves of the Merchant {Str+5} (You acquired it in Pandemonium)
111459 | Pan      | Got a dark rune of Zot
111533 | Pan      | Found an exit through the horrors of the Abyss.
111577 | Pan      | Found an exit through the horrors of the Abyss.
111622 | Pan      | Noticed Pynwan the pandemonium lord
111627 | Pan      | Killed Pynwan the pandemonium lord
111742 | Pan      | Found an exit through the horrors of the Abyss.
111789 | Pan      | Reached skill level 15 in Stealth
112002 | Pan      | Found an exit through the horrors of the Abyss.
112010 | Pan      | Entered the realm of Lom Lobon.
112052 | Pan      | Found an exit through the horrors of the Abyss.
112391 | Pan      | Noticed Lom Lobon
112419 | Pan      | Killed Lom Lobon
112473 | Pan      | Got a magical rune of Zot
112655 | Pan      | Found an exit through the horrors of the Abyss.
112658 | Pan      | Entered the realm of Mnoleg.
112672 | Pan      | Gained mutation: You do not regenerate when monsters are visible. [a cacodemon]
112812 | Pan      | Noticed Mnoleg
112816 | Pan      | Killed Mnoleg
112830 | Pan      | Got a glowing rune of Zot
112933 | Pan      | Reached skill level 15 in Evocations
113002 | Pan      | Found an exit through the horrors of the Abyss.
113012 | Pan      | Took an exit into the Abyss.
113012 | Abyss:1  | Escaped into the Abyss
113060 | Depths:1 | Escaped the Abyss
113488 | Zot:5    | Noticed an orb of fire
113489 | Zot:5    | Gained mutation: You are dopey. (Int -2) [an orb of fire]
113502 | Zot:5    | Killed an orb of fire
113519 | Zot:5    | Noticed an orb of fire
113531 | Zot:5    | Killed an orb of fire
113534 | Zot:5    | Noticed an ancient lich
113540 | Zot:5    | Killed an ancient lich
113594 | Zot:5    | Noticed an orb of fire
113600 | Zot:5    | Killed an orb of fire
113664 | Zot:5    | Got the Orb of Zot
113704 | Zot:5    | Noticed an orb of fire
113708 | Zot:5    | Gained mutation: Your spells are a little harder to cast, but a little more powerful. [an orb of fire]
113713 | Zot:5    | Killed an orb of fire
113911 | Depths:5 | Noticed Quwysmaq the pandemonium lord
113918 | Depths:5 | Killed Quwysmaq the pandemonium lord
114027 | Depths:2 | Gained mutation: Your body sometimes deteriorates upon taking damage. [a neqoxec]
114057 | Depths:1 | Noticed Urchaehoc the pandemonium lord
114064 | Depths:1 | Killed Urchaehoc the pandemonium lord
114312 | D:8      | Killed sagitran's ghost
114500 | D:$      | Escaped with the Orb!

Vault maps used:
D:1:      dpeg_arrival_simpleton_a
D:2:      grunt_qazlal_sundering
D:3:      cheibrodos_greedy_goblins
D:5:      first_bread
D:6:      minmay_temple_entry_poolview, minivault_27
D:7:      palyth_temple_overflow_mages
D:9:      roderic_batcave
D:10:     erik_lair_island
D:11:     zombieorc2_lemuel, serial_shops, shop, uniq_fannar, uniq_maurice,
          uniq_josephine, uniq_psyche
D:12:     lab_entry_generic
D:13:     enter_bailey_2, uniq_kirke, uniq_nessos
D:14:     minmay_misc_feat_more_columns, david_nohive_1
D:15:     grunt_enter_depths_giant_problem, nicolae_trove_entry_diagonal,
          minmay_misc_feat_roman, uniq_roxanne
Temple:   dpeg_five_rooms_temple
Lair:1:   grunt_megastairs_2, infiniplex_staircase_pool, uniq_nergalle
Lair:2:   minmay_shoals_entry_centaurs, ice2_lemuel, grunt_megastairs_5
Lair:3:   dummy_snake_entry, uniq_urug, uniq_snorg
Lair:4:   basic_altar, nicolae_volcano_entry_batcave
Lair:5:   basic_altar, serial_bayou_shore_b, minmay_lair_oklob_chamber,
          grunt_megastairs_4
Lair:6:   wormcave, hangedman_lair_in_review, dpeg_slime_entry_enclosed_altar
Shoals:1: hangedman_shoals_cup_caves
Shoals:2: portal_ice_cave_entry_pillars_1
Shoals:3: serial_shops, nicolae_shop_stone
Shoals:4: shoals_end_hangedman, shoals_ilsuiw_ice, uniq_jorgrun, uniq_donald
Snake:1:  special_room, nicolae_snake_linked_coils,
          nicolae_snake_round_shape_thing, spider_trap, st_stairs_4, uniq_aizul
Snake:2:  grunt_ministairs_8, uniq_vashnia
Snake:3:  grunt_ministairs_1, spider_trap, st_stairs_14,
          nrook_guardian_serpent_double, basic_stair_grate_trap,
          lemuel_fruit_tree, uniq_mara
Snake:4:  minmay_snake_end_coiled, basic_altar, uniq_agnes
Orc:1:    serial_shops, nicolae_shop_behind_doors, uniq_gastronok
Orc:2:    st_orc_pillars
Elf:1:    minmay_elf_arrival_plus, minmay_elf_demonology, minmay_crystal_room,
          uniq_louise
Elf:3:    elf_hall_gauntlet_wide, minmay_shop_star
Vaults:1: v_misc_10, vaults_room_fours, nicolae_vaults_little_squares_5,
          ontoclasm_vaults_shuriken, nicolae_vaults_little_squares_4,
          nicolae_vaults_circle_grid_b, nicolae_vaults_angled_halls,
          hangedman_vaults_impose, nicolae_vaults_meeting,
          ontoclasm_vaults_spin, v_alt_pattern_3,
          nicolae_vaults_mini_display_case, nicolae_vaults_big_ls,
          hangedman_vaults_stagger, v_misc_25, serial_shops, shop
Vaults:2: minmay_crypt_entry_necro_gods, v_misc_24, st_squares,
          ontoclasm_vaults_decontamination, vaults_room_grid, vaults_dpeg_hooks,
          mu_enter_wizlab_2, serial_shops, nicolae_shop_overgrown_old_shop
Vaults:3: nicolae_vaults_little_squares_2, ontoclasm_vaults_eye,
          ontoclasm_vaults_gateway, v_misc_16, grunt_vaults_funneled_arena,
          nicolae_vaults_sealed_display, hangedman_vaults_pinch, v_misc_9,
          nicolae_vaults_little_squares_3, vaults_dpeg_diagonal,
          nicolae_vaults_yaktaur_gun_rack, nicolae_vaults_little_squares_3,
          uniq_sojobo
Vaults:4: st_greater_box_5, hangedman_vaults_nodes, v_misc_28,
          ontoclasm_vaults_twist, v_misc_2, dpeg_vaults_monster_box,
          nicolae_vaults_alarming, vaults_standard_mumra_x,
          nicolae_vaults_rhombus_6, grunt_vaults_diagonal, vaults_room_pool,
          serial_shops, nicolae_shop_waterfront
Crypt:2:  basic_altar, grunt_megastairs_1
Crypt:3:  lightli_unholy_cathedral, nicolae_tomb_entry_rubble_hallway,
          uniq_xtahua, uniq_khufu
Depths:1: roderic_whirl, rand_demon_pan_entry_1, hell_entry, spider_trap,
          aerie_lemuel, serial_bayou_shore_a, minmay_shop_grove
Depths:2: hangedman_spin_cycle, hell_entry, serial_shops, pan_entry
Depths:3: minmay_the_grid_square_5x5_4x4_mashed, enter_ziggurat_b, hell_entry,
          rand_demon_pan_entry_4, uniq_enchantress, uniq_jory
Depths:4: dpeg_oklob_shooting_range, minmay_door_square, hell_entry,
          abyss_entry, uniq_mennas, uniq_saint_roka
Depths:5: evilmike_zot_entry_gauntlet, serial_shops, nicolae_shop_behind_doors,
          nicolae_shop_stone, shop, pf_hell_entry_great_geh,
          hangedman_decor_riveting, serial_bayou_ford_a
Dis:6:    hangedman_dis_decor_tower
Dis:7:    dis_st
Geh:7:    geh_hangedman
Coc:1:    grunt_deathspiral_small
Coc:7:    coc_old
Tar:7:    tar_minmay_river
Zot:1:    kennysheep_spiral_hall, lemuel_flame_loot_1
Zot:4:    hangedman_snake_sidewinding, grunt_megastairs_3
Abyss:1:  serial_sigils_hangedman_shear, evilmike_abyss_exit_12
Abyss:2:  guppyfry_abyss_exit_glass_guarded
Abyss:3:  evilmike_abyss_rune_ettins, grunt_abyss_exit_deep_breaths
Abyss:4:  due_exit_kobolds, abyss_greek_temple,
          evilmike_abyss_rune_elephants_shrine
Abyss:5:  guppyfry_abyss_exit_imp_island, serial_sigils_hangedman_snap,
          hangedman_shadowy_showcase, minivault_13,
          evilmike_nicolae_abyss_rune_containment_curve
Pan:      evilmike_mini_pan_doors, evilmike_mini_pan_murderfest,
          grunt_pan_spiral, grunt_pan_in_and_out, reaverb_pan_squares,
          gammafunk_dig_for_victory, grunt_pan_pentagram,
          pan_blood_fountain_small, nicolae_pan_glass_arcs, rand_demon_4,
          pan_blood_fountain_small, nicolae_pan_hourglass,
          nicolae_pan_sick_transit, nicolae_pan_gloorx_vloqian_3,
          nicolae_pan_glass_arcs, nicolae_pan_mnolegish_3, cerebov,
          evilmike_mini_pan_T, pan_blood_fountain, evilmike_mini_pan_doors_b,
          grunt_pan_frozen_over, rand_demon_3, evilmike_gloorx_vloq_box,
          pan_blood_fountain_2, rand_demon_1, nicolae_pan_gloorx_vloqian_1,
          reaverb_pan_figure_eight, evilmike_mini_pan_pillars_b,
          pan_blood_fountain_small, rand_demon_6, evilmike_mini_pan_T,
          lom_lobon_grunt_wind_tunnels, pan_blood_fountain,
          grunt_pan_in_and_out, pan_blood_fountain_small,
          nicolae_pan_double_arrow, mnoleg_st
Zig:9:    ziggurat_pillar_centre_smoke
Zig:12:   ziggurat_pillar_centre_oklobs
Zig:14:   ziggurat_pillar_centre_c
Lab:      labyrinth_spiral, nicolae_lab_very_dead_end, nicolae_lab_big_swirl,
          nicolae_lab_dead_end, nicolae_lab_garden, labyrinth_lava_lair,
          nicolae_lab_starburst, nicolae_lab_arrow, nicolae_lab_plus
Trove:    trove_wands_scrolls
Bailey:   bailey_axe_3, bailey
IceCv:    ice_cave_statue_garden_chambered
WizLab:   wizlab_doroklohe

Skill      XL: |  1  2  3  4  5  6  7  8  9 10 11 12 13 14 15 16 17 18 19 20 21 22 23 24 25 26 27 |
---------------+----------------------------------------------------------------------------------+-----
Transmutations | 3 4 5 6 8 10 11 12 13 14 15 16 17 19 26 | 26.2
Unarmed Combat | 4 5 6 7 8 9 11 12 13 14 15 16 17 18 19 20 21 22 27 | 27.0
Fighting       | 2 3 4 5 6 8 9 10 12 13 14 15 25 | 25.1
Spellcasting   | 1 3 4 6 9 11 20 | 20.8
Dodging        | 4 9 11 12 15 18 20 21 26 | 26.1
Evocations     | 4 17 | 17.6
Translocations | 3 8 20 | 20.2
Shields        | 4 5 7 |  7.0
Earth Magic    | 1 7 10 11 16 | 16.2
Charms         | 6 8 11 | 11.4
Hexes          | 3 6 9 13 | 13.4
Conjurations   | 2 3 |  3.5
Stealth        | 15 | 15.5
Necromancy     | 7 |  7.7
Summonings     | 9 |  9.1
Air Magic      | 3 |  3.0

Action                   |  1- 3 |  4- 6 |  7- 9 | 10-12 | 13-15 | 16-18 | 19-21 | 22-24 | 25-27 || total
-------------------------+-------+-------+-------+-------+-------+-------+-------+-------+-------++-------
Melee: Unarmed           |   112 |   174 |   318 |   474 |   824 |  1224 |  1455 |  1262 |  8170 || 14013
       Headbutt          |     8 |    12 |       |       |       |       |       |       |       ||    20
       Punch             |     1 |     1 |       |    10 |    48 |    28 |       |       |       ||    88
       Tailslap          |       |       |       |       |     3 |       |     1 |       |       ||     4
 Cast: Beastly Appendage |    18 |    16 |       |       |       |       |       |       |       ||    34
       Spider Form       |     1 |    22 |    56 |    31 |     5 |       |       |       |       ||   115
       Sticks to Snakes  |       |     4 |    35 |    92 |    19 |       |       |       |       ||   150
       Blade Hands       |       |       |     1 |    46 |   110 |    61 |       |       |       ||   218
       Ice Form          |       |       |       |       |     3 |       |       |       |       ||     3
       Statue Form       |       |       |       |       |       |    52 |   101 |    70 |   489 ||   712
       Regeneration      |       |       |       |       |       |    20 |    24 |    17 |   295 ||   356
       Lesser Beckoning  |       |       |       |       |       |    27 |   152 |   103 |   471 ||   753
       Lee's Rapid Decon |       |       |       |       |       |       |    22 |    15 |    82 ||   119
       Yara's Violent Un |       |       |       |       |       |       |     6 |     1 |     5 ||    12
       Ozocubu's Armour  |       |       |       |       |       |       |     1 |       |       ||     1
       Irradiate         |       |       |       |       |       |       |     2 |    15 |    54 ||    71
       Passage of Golubr |       |       |       |       |       |       |     1 |     7 |    12 ||    20
       Darkness          |       |       |       |       |       |       |       |       |    17 ||    17
       Invisibility      |       |       |       |       |       |       |       |       |    58 ||    58
       Song of Slaying   |       |       |       |       |       |       |       |       |    37 ||    37
       Controlled Blink  |       |       |       |       |       |       |       |       |    30 ||    30
       Aura of Abjuratio |       |       |       |       |       |       |       |       |    26 ||    26
       Deflect Missiles  |       |       |       |       |       |       |       |       |    11 ||    11
       Apportation       |       |       |       |       |       |       |       |       |     5 ||     5
       Silence           |       |       |       |       |       |       |       |       |     2 ||     2
Invok: Sacrifice Skill   |       |       |     1 |       |       |       |       |       |       ||     1
       Draw Out Power    |       |       |       |     1 |     2 |     3 |       |     1 |     1 ||     8
       Sacrifice Resista |       |       |       |     1 |       |       |       |       |       ||     1
       Sacrifice Essence |       |       |       |     1 |       |       |       |       |       ||     1
       Apocalypse        |       |       |       |       |     9 |     7 |     1 |     2 |    15 ||    34
       Sacrifice Love    |       |       |       |       |     1 |       |       |       |       ||     1
       Power Leap        |       |       |       |       |     1 |       |       |       |     1 ||     2
 Abil: End Transformatio |       |       |       |       |     3 |       |     4 |       |     1 ||     8
Evoke: Wand              |       |       |       |    12 |    13 |     5 |    14 |    13 |    22 ||    79
       Phial of floods   |       |       |       |       |     1 |     1 |       |       |       ||     2
       Fan of gales      |       |       |       |       |       |     1 |       |       |       ||     1
  Use: Potion            |     1 |       |     7 |     3 |     5 |     7 |     2 |     2 |   107 ||   134
       Scroll            |       |       |    21 |     7 |    13 |    12 |    11 |     8 |   107 ||   179
 Stab: Sleeping          |     1 |       |     2 |       |       |     5 |     2 |       |    23 ||    33
       Distracted        |       |       |     2 |     6 |     5 |     8 |     7 |    14 |    90 ||   132
       Invisible         |       |       |     3 |     3 |     3 |     8 |    15 |     8 |   215 ||   255
       Paralysed         |       |       |       |       |    20 |    17 |    16 |       |    46 ||    99
       Petrified         |       |       |       |       |     2 |       |       |       |       ||     2
       Confused          |       |       |       |       |     5 |       |     3 |       |       ||     8
       Petrifying        |       |       |       |       |       |       |       |       |     3 ||     3
  Eat: Chunk             |     2 |    16 |    23 |    26 |    59 |    30 |    62 |    44 |   123 ||   385
       Bread ration      |       |       |     2 |     6 |       |     3 |     3 |       |    21 ||    35
       Fruit             |       |       |     2 |     2 |     5 |     3 |     2 |       |    39 ||    53
       Meat ration       |       |       |       |     1 |     4 |     7 |     1 |     3 |    20 ||    36
       Royal jelly       |       |       |       |     1 |     2 |     5 |     3 |     1 |    21 ||    33
Armor: Robe              |    19 |    10 |     9 |     2 |       |       |       |       |       ||    40
       Skin              |       |     4 |    42 |    11 |    10 |   183 |   493 |   442 |  2592 ||  3777
       Scale mail        |       |       |       |    69 |   244 |   107 |       |       |       ||   420
       Troll leather arm |       |       |       |     7 |       |       |       |       |       ||     7
       Acid dragon scale |       |       |       |       |       |       |       |       |    41 ||    41
Dodge: Dodged            |    77 |   126 |   300 |   385 |   601 |   690 |  1113 |   987 |  9226 || 13505
       Deflected         |       |       |       |       |       |       |       |       |    48 ||    48
Block: Buckler           |       |       |     6 |    11 |       |   381 |   699 |   591 |  4025 ||  5713
       Other             |       |       |       |       |    54 |    26 |       |       |       ||    80
       Reflection        |       |       |       |       |    11 |    44 |     5 |       |       ||    60
